 Dungeon Crawl Stone Soup version 0.21.1-1-g345015f (webtiles) character file.

170 lotte the Magician (level 5, 0/28 HPs)
             Began as a Deep Elf Wizard on July 1, 2018.
             Slain by a gnoll
             ... wielding a +0 whip
              (10 damage)
             ... on level 4 of the Dungeon.
             The game lasted 00:18:34 (4078 turns).

lotte the Magician (Deep Elf Wizard)                Turns: 4078, Time: 00:18:35

Health: 0/28       AC:  2    Str:  6    XL:     5   Next: 26%
Magic:  12/16      EV: 13    Int: 24    God:
Gold:   181        SH:  0    Dex: 13    Spells: 12/18 levels left

rFire    . . .     SeeInvis .   f - +0 short sword
rCold    . . .     Gourm    .   (no shield)
rNeg     . . .     Faith    .   a - +0 robe
rPois    +         Spirit   .   b - +0 hat
rElec    .         Reflect  .   (no cloak)
rCorr    .         Harm     .   (no gloves)
MR       .....                  (no boots)
Stlth    ++........             p - amulet of inaccuracy (curse)
HPRegen  0.09/turn              h - ring of poison resistance
MPRegen  0.15/turn              u - +2 ring of strength

@: no status effects
A: no striking features
a: no special abilities


You were on level 4 of the Dungeon.
You were not hungry.

You visited 1 branch of the dungeon, and saw 4 of its levels.

You collected 181 gold pieces.

Inventory:

Hand Weapons
 f - a +0 short sword (weapon)
Armour
 a - a +0 robe (worn)
 b - a +0 hat (worn)
Jewellery
 h - a ring of poison resistance (left hand)
 i - an uncursed amulet of faith
 p - a cursed amulet of inaccuracy (around neck)
 u - a +2 ring of strength (right hand)
Wands
 o - a wand of flame (27)
Scrolls
 e - a scroll of random uselessness
 g - 2 scrolls of amnesia
 j - 2 scrolls of identify
 m - a scroll of teleportation
 q - 2 scrolls of remove curse {unknown}
Potions
 k - a potion of agility {unknown}
 l - a potion of cancellation {unknown}
 n - a potion of resistance {unknown}
 r - a potion of flight {unknown}
 t - 2 potions of curing {unknown}
Books
 c - a book of Minor Magic

   Spells                             Type                      Level
   a - Magic Dart                     Conjuration                  1
   b - Blink                          Translocation                2
   c - Call Imp                       Summoning                    2
   d - Slow                           Hexes                        2
   e - Conjure Flame                  Conjuration/Fire             3
   f - Mephitic Cloud                 Conjuration/Poison/Air       3
Comestibles
 d - 7 rations


   Skills:
 - Level 2.4 Dodging
 - Level 2.4 Stealth
 + Level 7.2 Spellcasting
 + Level 1.8 Conjurations
 + Level 2.7 Summonings
   Level 1.1 Translocations


You had 12 spell levels left.
You knew the following spells:

 Your Spells              Type           Power        Failure   Level  Hunger
a - Magic Dart            Conj           ###.         3%          1    None
b - Call Imp              Summ           ###.....     3%          2    None
c - Mephitic Cloud        Conj/Pois/Air  ##......     16%         3    None


Dungeon Overview and Level Annotations

Branches:
Dungeon (4/15)
 Temple: D:4-7

Altars:
Ashenzari
Uskayaw


Message History

There is a stone staircase leading down here.
You start resting.
Magic restored.
You climb downwards.
The gnoll hits you with a flail!
There is a stone staircase leading up here.
The gnoll hits you with a flail.
Casting: Call Imp
Confirm with . or Enter, or press ? or * to list all spells.
A beastly little devil appears in a puff of flame.
The gnoll misses you.
Your crimson imp hits the gnoll.
The gnoll misses you. The gnoll hits you with a whip.
The gnoll hits your crimson imp with a whip.
Your crimson imp hits the gnoll.
Casting: Call Imp
Confirm with . or Enter, or press ? or * to list all spells.
A beastly little devil appears in a puff of flame.
The gnoll hits you with a whip!
You die...

##.###....# #.##
##...##.#### ##..#
#.##..[..#.### #g#.#
#............# #gg.#
######.###.### #.###
#.# #.########g# #.#
#.......##5#
##'############g#
##.@g## #.#
##...g.## ####g#
##..5..5g## ##.##)#
#.........####...#†#
+.........'........#
#.........##......##
##....)..###.##...#
##.....## #.##...#
##...## #.##.#.#


You could see 3 gnolls and 2 friendly crimson imps.

Vanquished Creatures
  An adder (D:2)
  A gnoll (D:4)
  A dart slug (D:3)
  A ball python (D:3)
  A giant cockroach (D:3)
  3 hobgoblins (D:3)
  A jackal (D:4)
  3 kobolds
  A quokka (D:2)
  8 bats
  2 frilled lizards
  3 goblins
  8 rats
34 creatures vanquished.

Vanquished Creatures (collateral kills)
  An ice beast (D:3)
  A gnoll shaman (D:4)
  2 worker ants
  4 adders
  2 worms
  3 orcs (D:3)
  A ball python (D:2)
  A bat (D:2)
  A goblin (D:3)
  A hobgoblin (D:2)
  A jackal (D:4)
  A quokka (D:3)
19 creatures vanquished.

Grand Total: 53 creatures vanquished

Notes
Turn   | Place    | Note
-------+----------+-------------------------------------------
     0 | D:1      | lotte the Deep Elf Wizard began the quest for the Orb.
     0 | D:1      | Reached XP level 1. HP: 10/10 MP: 7/7
    79 | D:1      | Found a shattered altar of Ashenzari.
   889 | D:2      | Reached skill level 5 in Spellcasting
   889 | D:2      | Reached XP level 2. HP: 2/15 MP: 3/10
  1144 | D:2      | Learned a level 2 spell: Call Imp
  1310 | D:2      | Reached XP level 3. HP: 19/19 MP: 7/12
  1318 | D:2      | Learned a level 3 spell: Mephitic Cloud
  1503 | D:2      | Reached skill level 6 in Spellcasting
  1959 | D:3      | Noticed a hand axe
  1961 | D:3      | Found a hide-covered altar of Uskayaw.
  1961 | D:3      | Noticed a dagger
  2569 | D:3      | Reached XP level 4. HP: 24/24 MP: 9/14
  2773 | D:3      | Noticed an ice beast
  2868 | D:3      | Killed an ice beast
  3401 | D:3      | Reached skill level 7 in Spellcasting
  3707 | D:4      | Reached XP level 5. HP: 28/28 MP: 8/16
  4078 | D:4      | Slain by a gnoll

Skill      XL: |  1  2  3  4 |
---------------+-------------+-----
Spellcasting   | 5 6 7 |  7.2
Summonings     | 2 |  2.7
Dodging        | |  2.4
Stealth        | |  2.4
Conjurations   | |  1.8
Translocations | |  1.1

Action                   |  1- 3 |  4- 6 || total
-------------------------+-------+-------++-------
Melee: Short sword       |     9 |     1 ||    10
 Cast: Magic Dart        |    62 |    12 ||    74
       Call Imp          |    16 |    32 ||    48
       Mephitic Cloud    |       |     1 ||     1
  Use: Scroll            |     3 |       ||     3
  Eat: Chunk             |     4 |     5 ||     9
Armor: Robe              |     5 |     3 ||     8
Dodge: Dodged            |    24 |    11 ||    35
